 Dungeon Crawl Stone Soup version 0.30-a0-509-gd016549fea (webtiles) character file.

Game seed: 18038064169522750965

435 XLettuce the Gusty (level 7, -3/51 HPs)
             Began as a Human Air Elementalist on Dec 22, 2022.
             Slain by an orc warrior
             ... wielding a +2 halberd of flaming
              (15 damage)
             ... on level 4 of the Dungeon.
             The game lasted 00:16:04 (3399 turns).

XLettuce the Gusty (Human Air Elementalist)         Turns: 3399, Time: 00:16:05

Health: -3/51      AC:  1    Str:  9    XL:     7   Next: 21%
Magic:  13/21      EV: 13    Int: 23    God:
Gold:   102        SH:  0    Dex: 13    Spells: 5/12 levels left

rFire   . . .      SeeInvis .    a - +6 dagger "Impbane" {flame, rPois rCorr}
rCold   . . .      Faith    .    (no shield)
rNeg    . . .      Spirit   .    t - +2 robe {Will+}
rPois   +          Reflect  .    (no helmet)
rElec   .          Harm     .    (no cloak)
rCorr   +          Rampage  .    (no gloves)
Will    +....                    i - +0 pair of boots
Stlth   ++........               (no amulet)
HPRegen 0.28/turn                g - ring of magical power
MPRegen 0.17/turn                v - +6 ring of intelligence

@: corroded, hasted, very quick
A: no striking features
a: no special abilities


You were on level 4 of the Dungeon.
You visited 1 branch of the dungeon, and saw 4 of its levels.

You collected 102 gold pieces.

Inventory:

Hand Weapons
 a - the +6 dagger "Impbane" (weapon) {flame, rPois rCorr}
   (You found it on level 2 of the Dungeon)

   It burns those it strikes, dealing additional fire damage.
   rPois:     It protects you from poison.
   rCorr:     It protects you from acid and corrosion.
 r - a +0 long sword
Armour
 c - a +0 ring mail
 i - a +0 pair of boots (worn)
 t - a +2 robe of willpower (worn)
 y - a +0 plate armour
Jewellery
 g - a ring of magical power (left hand)
 v - a +6 ring of intelligence (right hand)
 w - a ring of poison resistance
Wands
 h - a wand of roots (11)
Scrolls
 d - 2 scrolls of identify
 f - 3 scrolls of blinking {unknown}
 l - 2 scrolls of enchant armour {unknown}
 m - a scroll of teleportation {unknown}
 n - a scroll of vulnerability {unknown}
 o - 6 scrolls of fear {unknown}
 p - a scroll of magic mapping {unknown}
 q - 2 scrolls of immolation {unknown}
 s - a scroll of poison {unknown}
 x - 2 scrolls of acquirement {unknown}
Potions
 b - 2 potions of curing
 e - 2 potions of haste
 j - a potion of ambrosia {unknown}
 k - a potion of might {unknown}
 u - 2 potions of heal wounds {unknown}
 z - a potion of magic


   Skills:
 * Level 2.5 Fighting
 * Level 1.6 Short Blades
 * Level 3.4 Dodging
 * Level 3.1 Stealth
 * Level 3.3 Spellcasting
 + Level 2.7 Conjurations
 * Level 3.8 Air Magic


You had 5 spell levels left.
You knew the following spells:

 Your Spells              Type           Power      Damage    Failure   Level
a - Shock                 Conj/Air       72%        1d7       3%          1
b - Static Discharge      Conj/Air       36%        2-4/arc   4%          2
c - Airstrike             Air            10%        2d(2-18)  22%         4

Your spell library contained the following spells:

 Spells                   Type           Power      Damage    Failure   Level
 Swiftness                Air            21%        N/A       7%          3


Dungeon Overview and Level Annotations

Branches:
Dungeon (4/15)
 Temple: D:4-7

Altars:


Message History

The ice beast is moderately wounded.
You are struck by an arc of lightning.
The lightning grounds out.
The ice beast closely misses you.
The orc warrior hits you from afar with a +2 halberd of flaming!
The orc warrior burns you.
You hit the ice beast but do no damage.
The ice beast is moderately wounded.
The ice beast hits you. The ice beast freezes you!
The orc warrior throws a stone.
The stone hits you.
* * * LOW HITPOINT WARNING * * *
Okay, then.
It was a potion of curing.
You feel better. The ice beast closely misses you.
The orc warrior throws a stone.
The stone hits you.
As you read the scroll labelled OXTUITY IKASA, it crumbles to dust.
It is a scroll of identify.
e - 3 potions of haste The ice beast closely misses you.
The orc warrior completely misses you.
The orc warrior throws a stone.
The stone barely misses you. What are your orders? t - Shout!
Orders for allies: a - Attack new target. r - Retreat! s - Stop attacking. g - Guard the area. f - Follow me.
Anything else - Cancel.
Okay, then.
Aiming: Shock (safe; 3% risk of failure)
Press: ? - help, Q - select action, (/) - cycle Shift-Dir - straight line
Okay, then.
Throw: throwing net
Press: ? - help, Q - select action, (/) - cycle Shift-Dir - straight line, f - orc warrior
Aim: an orc warrior, wielding a +2 halberd of flaming, wearing a +0 plate armour and quivering stones (57% to hit)
You throw a throwing net.
The throwing net barely misses the orc warrior.
The ice beast hits you. The ice beast freezes you!
* * * LOW HITPOINT WARNING * * *
You feel better. The orc warrior misses you.
The ice beast completely misses you.
You feel yourself speed up. The ice beast closely misses you.
The orc warrior hits you from afar with a +2 halberd of flaming!
You die...

##.........# .
#.(........# ..
##..........# ...
...........# ....
#.........##### .....
#.........#...####
......##o..........####..
......)Y.................
.....###@........########
... #..........# .
.....######### ....#.#
........# ........#
.......## ...####


You could see an orc warrior and an ice beast.

Vanquished Creatures
  A kobold brigand (D:4)
  A scorpion (D:3)
  A jelly (D:4)
  Jessica (D:3)
  An iguana (D:4)
  4 orc wizards
  An adder (D:2)
  4 worms
  A dart slug (D:1)
  12 orcs
  4 endoplasms
  3 giant cockroaches
  10 goblins
  4 hobgoblins
  4 jackals (D:1)
  4 quokkas
  5 ball pythons
  6 bats
  8 frilled lizards
  11 kobolds
  8 rats
94 creatures vanquished.

Vanquished Creatures (others)
  2 demonic plants (D:3)
  7 plants (D:4)
9 creatures vanquished.

Grand Total: 103 creatures vanquished

Notes
Turn   | Place    | Note
-------+----------+-------------------------------------------
     0 | D:1      | XLettuce the Human Air Elementalist began the quest for the
                  | Orb.
     0 | D:1      | Reached XP level 1. HP: 13/13 MP: 3/3
    87 | D:1      | Reached XP level 2. HP: 3/19 MP: 1/5
   628 | D:1      | Reached XP level 3. HP: 20/25 MP: 1/6
   961 | D:1      | Learned a level 2 spell: Static Discharge
  1365 | D:2      | Reached skill level 1 in Fighting
  1487 | D:2      | Reached XP level 4. HP: 31/32 MP: 7/7
  1651 | D:2      | Identified the +6 dagger "Impbane" {flame, rPois rCorr}
  2040 | D:3      | Noticed Jessica
  2084 | D:3      | Reached XP level 5. HP: 13/37 MP: 3/9
  2214 | D:3      | Found a faded altar of an unknown god.
  2214 | D:3      | Noticed a rust devil
  2304 | D:3      | Learned a level 4 spell: Airstrike
  2450 | D:3      | Killed Jessica
  2451 | D:3      | Reached XP level 6. HP: 44/44 MP: 10/10
  2548 | D:3      | You fall into a shaft and drop 1 floor!
  2675 | D:3      | Reached skill level 1 in Short Blades
  2919 | D:4      | Noticed an orc warrior
  3180 | D:4      | Reached XP level 7. HP: 46/51 MP: 7/11
  3399 | D:4      | Slain by an orc warrior

Illustrated notes

Levels and vault maps discovered:
D:1:      dpeg_arrival_shrine, layout_loops_ring
D:2:      layout_rooms
D:3:      layout_rooms, dreamdust_ecumenical_altar_sealed_demon, minivault_5,
          hangedman_decor_growths, hangedman_decor_lopped, uniq_jessica
D:4:      minmay_razor_zed, layout_rooms, lexackson_kobold_supper

Skill      XL: |  1  2  3  4  5  6 |
---------------+-------------------+-----
Fighting       | 1 2 |  2.5
Conjurations   | 2 |  2.7
Dodging        | 3 |  3.4
Spellcasting   | 3 |  3.3
Short Blades   | 1 |  1.6
Stealth        | 3 |  3.1
Air Magic      | |  3.8

Action                   |  1- 3 |  4- 6 |  7- 9 || total
-------------------------+-------+-------+-------++-------
Melee: Unarmed           |    22 |       |       ||    22
       Dagger            |    12 |    54 |     7 ||    73
       Short sword       |    45 |     6 |       ||    51
       Punch             |       |     1 |       ||     1
Throw: Throwing net      |       |       |     1 ||     1
 Cast: Shock             |    33 |    34 |     5 ||    72
       Static Discharge  |     9 |    28 |     3 ||    40
  Use: Potion            |     1 |       |     3 ||     4
       Scroll            |       |       |     1 ||     1
 Stab: Sleeping          |     2 |     4 |       ||     6
Armor: Robe              |    27 |     9 |       ||    36
Dodge: Dodged            |    65 |    33 |     9 ||   107

Table legend: (Time is in decaauts)
 A = Elapsed time spent in this place.
 B = Non-inter-level travel time spent in this place.
 C = Inter-level travel time spent in this place.
 D = Time resting spent in this place.
 E = Time spent auto-exploring this place.
 F = Levels seen in this place.
 G = Mean time per level.
                   A        B        C        D        E       F      G
               +--------+--------+--------+--------+--------+-----+--------+
         Total |   3397 |   3317 |     80 |    366 |   2037 |   4 |  849.2 |
       Dungeon |   3397 |   3317 |     80 |    366 |   2037 |   4 |  849.2 |
               +--------+--------+--------+--------+--------+-----+--------+

Top non-repeatable levels by time:
     D:1: 1400 daAuts
     D:3: 972 daAuts
     D:2: 589 daAuts
     D:4: 435 daAuts
